 Dungeon Crawl Stone Soup version 0.25.1-2-g60ff931df9 (webtiles) character file.

Game seed: 13867133581663348327

56 DogServant the Charmwright (level 3, 28/28 HPs)
             Began as a Barachi Skald on Oct 22, 2020.
             Quit the game on level 2 of the Dungeon.
             The game lasted 00:02:01 (2170 turns).

DogServant the Charmwright (Barachi Skald)          Turns: 2170, Time: 00:02:01

Health: 28/28      AC:  6    Str: 13    XL:     3   Next: 95%
Magic:  6/6        EV: 11    Int: 13    God:
Gold:   107        SH:  0    Dex: 11    Spells: 5/6 levels left

rFire    . . .     SeeInvis .   a - +0 falchion
rCold    . . .     Gourm    .   (no shield)
rNeg     . . .     Faith    .   e - +1 ring mail {rPois}
rPois    +         Spirit   .   (no helmet)
rElec    .         Reflect  .   (no cloak)
rCorr    .         Harm     .   (no gloves)
MR       .....                  (no boots)
Stlth    +.........             (no amulet)
HPRegen  0.09/turn              (no ring)
MPRegen  0.10/turn              (no ring)

@: slow
A: +LOS, swims, slowness 1, strong legs 1
a: Hop


You were on level 2 of the Dungeon.
You were hungry.

You visited 1 branch of the dungeon, and saw 2 of its levels.

You collected 107 gold pieces.

Inventory:

Hand Weapons
 a - a +0 falchion (weapon)
Armour
 b - a +0 leather armour
 e - a +1 ring mail of poison resistance (worn)
Jewellery
 f - an uncursed ring of stealth {unknown}
Scrolls
 g - a scroll of amnesia {unknown}
 j - a scroll of teleportation {unknown}
Potions
 c - a potion of flight {unknown}
 i - 2 potions of might {unknown}
 k - a potion of stabbing {unknown}
 l - a potion of curing {unknown}
Comestibles
 d - 4 rations


   Skills:
 - Level 2.4 Fighting
 + Level 3.8 Long Blades
 + Level 2.3 Armour
 - Level 2.1 Dodging
 - Level 2.1 Spellcasting
 - Level 4.0 Charms


You had 5 spell levels left.
You knew the following spells:

 Your Spells              Type           Power        Failure   Level  Hunger
a - Infusion              Chrm           ##..         11%         1    ##.....

Your spell library contained the following spells:

 Spells                   Type           Power        Failure   Level  Hunger
 Song of Slaying          Chrm           ##......     16%         2    ###....
 Shroud of Golubria       Chrm/Tloc      #.....       34%         2    ###....
 Ozocubu's Armour         Chrm/Ice       #.......     56%         3    ####...
 Spectral Weapon          Hex/Chrm       #.......     56%         3    ####...


Dungeon Overview and Level Annotations

Branches:
Dungeon (2/15)

Altars:
Elyvilon


Innate Abilities, Weirdness & Mutations

You can be seen from farther away. (+LOS)
You can swim through water.
You cover ground slowly.
You can hop short distances.


Message History

The kobold is severely wounded.
The kobold closely misses you.
You barely miss the kobold.
The kobold is severely wounded.
The kobold hits you.
You hit the kobold.
You kill the kobold!
No target in view!
Things that are here:
2 stones; a kobold corpse You now have 107 gold pieces (gained 18).
Things that are here:
2 stones; a kobold corpse You see here a stone.
d - 4 rations (gained 1)
Found a stone staircase leading up.
Unknown command.
Welcome back, DogServant the Barachi Skald.
Press ? for a list of commands and other information.
Are you sure you want to abandon this character and quit the game? (Confirm with "yes".)

## ## #..
<# #.# .#
#.###.##
#.#....
####.#.#.#
#......#.#
#####
#.#....@.#
. ...
#.#....###
#.#.#
#(#..#.#
#.#.#
#.##...#
#.#..
#(###..#
#.#....
##......#
.......
#..(...##
#.#.#
#.####.#
#.#..
#.##...#
#.##.


There were no monsters in sight!

Vanquished Creatures
  An adder (D:2)
  A worm (D:2)
  A dart slug (D:1)
  3 leopard geckos
  A ball python (D:1)
  A giant cockroach (D:1)
  3 hobgoblins (D:1)
  7 jackals (D:1)
  6 kobolds
  4 bats
  2 frilled lizards (D:1)
  2 goblins (D:1)
  6 rats (D:1)
38 creatures vanquished.

Vanquished Creatures (others)
  A bat (D:1)
1 creature vanquished.

Grand Total: 39 creatures vanquished

Notes
Turn   | Place    | Note
-------+----------+-------------------------------------------
     0 | D:1      | DogServant the Barachi Skald began the quest for the Orb.
     0 | D:1      | Reached XP level 1. HP: 17/17 MP: 3/3
   125 | D:1      | Reached XP level 2. HP: 5/23 MP: 5/5
  1030 | D:1      | Reached XP level 3. HP: 28/28 MP: 6/6
  1353 | D:1      | Reached skill level 4 in Charms
  1904 | D:2      | Found a white marble altar of Elyvilon.
  2170 | D:2      | Quit the game

Illustrated notes

Levels and vault maps discovered:
D:1:      dpeg_arrival_line_fractal, layout_basic, chequers_avenue,
          kennysheep_boxes
D:2:      layout_loops_cross, elyvilon_altar_1, chequers_arboretum

Skill      XL: |  1  2  3 |
---------------+----------+-----
Long Blades    | 3 |  3.8
Charms         | 4 |  4.0
Armour         | 2 |  2.3
Fighting       | |  2.4
Dodging        | |  2.1
Spellcasting   | |  2.1

Action                   || total
-------------------------++-------
Melee: Falchion          ||   145
 Abil: Hop               ||     1
  Eat: Chunk             ||     4
Armor: Leather armour    ||    40
       Ring mail         ||    47
Dodge: Dodged            ||   142
       Rpst.: Falchion   ||    43
